 Dungeon Crawl Stone Soup version 0.30.1-4-g462c640d31 (webtiles) character file.

Game seed: 12837442751798692985

87 LordWeiramon the Ruffian (level 4, 0/23 HPs)
             Began as a Vine Stalker Berserker on Sept 11, 2023.
             Was a Believer of Trog.
             Slain by a gnoll
             ... wielding a +0 halberd
              (3 damage)
             ... on level 3 of the Dungeon.
             The game lasted 00:19:35 (2299 turns).

LordWeiramon the Ruffian (Vine Stalker Berserker)   Turns: 2299, Time: 00:19:36

Health: 0/23       AC:  5    Str: 22    XL:     4   Next: 51%
Magic:  0/5        EV: 11    Int:  7    God:    Trog [**....]
Gold:   103        SH:  0    Dex: 13    Spells: 3/3 levels left

rFire   . .          .
                       - Unarmed
rCold   . . .        (no shield)
rNeg    . . .        i - +2 leather armour {rPois}
rPois   +            (no helmet)
rElec   .            (no cloak)
rCorr   .            (no gloves)
SInv    .            (no boots)
Will    .....        (no amulet)
Stlth   +            (no ring)
HPRegen 1.03/turn    (no ring)
MPRegen 0.09/turn

%: guardian spirit
@: on berserk cooldown, slowed, very slow
A: fangs 2, regeneration 1, magic shield, antimagic bite, no potion heal 2
a: Renounce Religion, Berserk, Trog's Hand


You were on level 3 of the Dungeon.
You worshipped Trog.
Trog was pleased with you.
You visited 1 branch of the dungeon, and saw 3 of its levels.

You collected 103 gold pieces.

Inventory:

Armour
 i - a +2 leather armour of poison resistance (worn)
Scrolls
 a - a scroll of fog {unknown}
 e - a scroll of butterflies {unknown}
 g - a scroll of identify {unknown}
 h - 2 scrolls of teleportation
 k - a scroll of immolation {unknown}
 l - a scroll of silence {unknown}
Potions
 b - a potion of mutation {unknown}
 c - a potion of brilliance {unknown}
 d - a potion of heal wounds {unknown}
 f - a potion of lignification {unknown}
 j - a potion of curing {unknown}


   Skills:
 - Level 2.6 Fighting
 - Level 1.5 Armour
 - Level 1.5 Dodging
 - Level 1.0 Stealth
 + Level 5.0 Unarmed Combat


You had 3 spell levels left.
You didn't know any spells.
Your spell library was empty.

Dungeon Overview and Level Annotations

Branches:
Dungeon (3/15)

Altars:
Cheibriados

Annotations:
D:2 Sigmund


Innate Abilities, Weirdness & Mutations

You have extremely sharp teeth.
Your natural rate of healing is unusually fast.
When hurt, damage is shared between your health and your magic reserves.
Your bite disrupts and absorbs the magic of your enemies.
Potions cannot restore your health.


Message History

The gnoll hits you but does no damage.
You hit the gnoll. You bite the gnoll!
You kill the gnoll!
Trog accepts your kill. The gnoll closely misses you.
Things that are here:
a +0 halberd; a gnoll corpse You barely miss the gnoll.
The gnoll hits you with a +0 flail!
You punch the gnoll!
You kill the gnoll!
Trog accepts your kill. The kobold misses you.
Things that are here:
a +0 flail; a gnoll corpse You hit the kobold.
You kill the kobold!
Trog accepts your kill.
You punch the gnoll!
You kill the gnoll!
Trog accepts your kill.
Your Unarmed Combat skill increases to level 5!
The gnoll hits you from afar with a +0 halberd!
Things that are here:
a +0 club; a +0 dagger; a gnoll corpse You feel a strong urge to attack something.
You are no longer berserk.
You are exhausted.
You feel yourself slow down. The gnoll hits you with a +0 halberd!
* * * LOW HITPOINT WARNING * * *
You barely miss the gnoll. Your bite misses the gnoll.
The gnoll completely misses you.
You hit the gnoll but do no damage. You bite the gnoll. You drain its power.
You feel invigorated.
The gnoll is lightly wounded.
The gnoll hits you with a +0 halberd.
* * * LOW HITPOINT WARNING * * *
You hit the gnoll.
The gnoll is moderately wounded.
The gnoll barely misses you. The gnoll hits you with a +0 halberd.
You die...

###############
##.##..g@)))...#
###
##...#.########.#
..######.Kg...#
#####.#####
#......g#...#.#
#.........#
..#####.##.##.#
#.###.###.# .##
#.##.##.# #..##.#
#.# .# #.......#
##.#.#.# #.#
†#### ####+####
#.###..# #.#
K...# ##...##
##.#.### #.#


You could see a gnoll.

Vanquished Creatures
  3 gnolls (D:3)
  2 worms
  2 dart slugs
  5 bats
  4 endoplasms
  5 goblins
  A hobgoblin (D:2)
  7 jackals
  3 quokkas (D:1)
  9 ball pythons
  3 frilled lizards
  3 kobolds
  2 rats
49 creatures vanquished.

Notes
Turn   | Place    | Note
-------+----------+-------------------------------------------
     0 | D:1      | LordWeiramon the Vine Stalker Berserker began the quest for
                  | the Orb.
     0 | D:1      | Reached XP level 1. HP: 11/11 MP: 2/2
   123 | D:1      | Reached XP level 2. HP: 16/16 MP: 3/3
   523 | D:1      | Reached skill level 4 in Unarmed Combat
   675 | D:1      | Reached XP level 3. HP: 11/19 MP: 0/4
   900 | D:2      | Noticed Sigmund
   951 | D:2      | Reached skill level 1 in Stealth
  1600 | D:1      | Reached ** piety under Trog
  1660 | D:2      | Found a faded altar of an unknown god.
  2208 | D:3      | Gained mutation: Your natural rate of healing is unusually
                  | fast. [Vine Stalker growth]
  2208 | D:3      | Reached XP level 4. HP: 21/23 MP: 3/5
  2248 | D:3      | Found a snail-covered altar of Cheibriados.
  2295 | D:3      | Reached skill level 5 in Unarmed Combat
  2298 | D:3      | HP: 1/23 [gnoll/+0 halberd (4)]
  2299 | D:3      | Slain by a gnoll

Illustrated notes

Levels and vault maps discovered:
D:1:      ebering_hopf_link, layout_basic
D:2:      layout_basic, hellmonk_ecumenical_altar_run_dry, uniq_sigmund
D:3:      layout_loops_corners, chequers_temple_overflow_statue_of_worship

Skill      XL: |  1  2  3  4 |
---------------+-------------+-----
Unarmed Combat | 4 5 |  5.0
Stealth        | 1 |  1.0
Fighting       | |  2.6
Armour         | |  1.5
Dodging        | |  1.5

Action                     |  1- 3 |  4- 6 || total
---------------------------+-------+-------++-------
  Melee: Unarmed           |   145 |     8 ||   153
         Bite              |    27 |     2 ||    29
         Punch             |     5 |       ||     5
 Invoke: Berserk           |       |     1 ||     1
    Use: Scroll            |     2 |       ||     2
   Stab: Sleeping          |     2 |       ||     2
 Armour: Animal skin       |    12 |       ||    12
         Leather armour    |    20 |     1 ||    21
  Dodge: Dodged            |    68 |     5 ||    73
